 Dungeon Crawl Stone Soup version 0.29.0-11-gd7f09526c8 (webtiles) character file.

Game seed: 13572376162858214887

29 sanka the Cudgeller (level 3, 0/23 HPs)
             Began as a Gargoyle Monk on Sept 6, 2022.
             Splashed by a jelly's acid (2 damage)
             ... on level 2 of the Dungeon.
             The game lasted 00:01:21 (1307 turns).

sanka the Cudgeller (Gargoyle Monk)                 Turns: 1307, Time: 00:01:21

Health: 0/23       AC: -2    Str: 16    XL:     3   Next: 16%
Magic:  3/3        EV: 12    Int: 10    God:
Gold:   89         SH:  0    Dex: 12    Spells: 2/2 levels left

rFire   . . .      SeeInvis .   a - +0 mace
rCold   . . .      Faith    .   (no shield)
rNeg    + . .      Spirit   .   b - +0 robe
rPois   ∞          Reflect  .   (no helmet)
rElec   +          Harm     .   (no cloak)
rCorr   +          Rampage  .   (no gloves)
Will    .....                   (no boots)
Stlth   ++........              (no amulet)
HPRegen 0.07/turn               (no ring)
MPRegen 0.08/turn               i - ring of resist corrosion

@: corroded
A: sickness immunity, AC +3, negative energy resistance 1, electricity
resistance, torment resistance 1, petrification resistance
a: no special abilities


You were on level 2 of the Dungeon.
You visited 1 branch of the dungeon, and saw 2 of its levels.

You collected 89 gold pieces.


Innate Abilities, Weirdness & Mutations

You are immune to sickness and miasma.
Your stone body is resilient. (AC +3)
You are immune to poison.
You resist negative energy. (rN+)
You are resistant to electric shocks. (rElec)
You are resistant to unholy torment.
You are immune to petrification.


   Skills:
 - Level 3.2 Fighting
 + Level 4.2 Maces & Flails
 - Level 2.4 Dodging
 - Level 2.1 Stealth


You had 2 spell levels left.
You didn't know any spells.
Your spell library was empty.

Inventory:

Hand Weapons
 a - a +0 mace (weapon)
Armour
 b - a +0 robe (worn)
Jewellery
 i - a ring of resist corrosion (right hand)
Scrolls
 e - 2 scrolls of identify {unknown}
 f - a scroll of enchant armour {unknown}
 k - a scroll of vulnerability {unknown}
Potions
 c - a potion of ambrosia
 d - a potion of degeneration {unknown}
 g - a potion of mutation {unknown}
 h - a potion of haste {unknown}
 j - a potion of cancellation {unknown}
 l - a potion of attraction {unknown}

Dungeon Overview and Level Annotations

Branches:
Dungeon (2/15)

Altars:

▒▒.▒.▒.▒.▒..▒▒ .▒
.............▒ .▒▒
.▒.▒...▒...▒.▒▒..▒
......†........▒.▒▒
.▒.▒.▒.....▒.▒.▒..▒
..................▒▒▒
▒..▒.▒.▒...▒.▒.▒....▒
▒...........▒.▒.....▒
▒..▒.▒.▒.▒.▒.▒.▒9▒..▒
▒...............J...▒
▒....▒▒▒▒▒▒▒▒▒▒▒▒.▒£▒
.▒.▒ w▒ ▒ .▒ .. ▒.


You could see a jelly and a dart slug.


Message History

The jelly hits you. The acid corrodes you!
You are splashed with acid.
You resist.
You completely miss the jelly.
The jelly is severely wounded.
The jelly closely misses you. The jelly hits you. The acid corrodes you!
You are splashed with acid.
You resist.
* * * LOW HITPOINT WARNING * * *
You hit the jelly but do no damage.
Your hands burn!
* * * LOW HITPOINT WARNING * * *
The jelly is severely wounded.
The jelly barely misses you.
Unknown command.
You hit the jelly but do no damage.
Your hands burn!
* * * LOW HITPOINT WARNING * * *
The jelly is severely wounded.
The jelly hits you.
* * * LOW HITPOINT WARNING * * *
You are splashed with acid.
You resist.
* * * LOW HITPOINT WARNING * * *
You hit the jelly but do no damage.
Your hands burn!
You die...

Action                   || total
-------------------------++-------
Melee: Mace              ||    68
       Punch             ||     2
 Stab: Sleeping          ||     2
Armor: Robe              ||    17
Dodge: Dodged            ||    49

Levels and vault maps discovered:
D:1:      dpeg_arrival_water_temple_mockup, layout_basic, serial_rivers,
          chequers_serial_rivers_micro_d, chequers_serial_rivers_room_b,
          chequers_serial_rivers_small_a, chequers_serial_rivers_micro_d,
          chequers_serial_rivers_micro_e
D:2:      layout_basic, dreamdust_ecumenical_altar_hidden_monk_grotto,
          hangedman_decor_riveting, minmay_tetromino_l2, uniq_sigmund

Notes
Turn   | Place    | Note
-------+----------+-------------------------------------------
     0 | D:1      | sanka the Gargoyle Monk began the quest for the Orb.
     0 | D:1      | Reached XP level 1. HP: 14/14 MP: 1/1
   438 | D:1      | Reached XP level 2. HP: 16/19 MP: 2/2
  1054 | D:2      | Found a faded altar of an unknown god.
  1134 | D:2      | Reached skill level 4 in Maces & Flails
  1134 | D:2      | Reached XP level 3. HP: 12/23 MP: 3/3
  1306 | D:2      | HP: 2/23 [acid (4)]
  1307 | D:2      | Splashed by a jelly's acid

Vanquished Creatures
  An adder (D:2)
  3 bats
  3 endoplasms (D:1)
  2 giant cockroaches (D:1)
  2 goblins (D:1)
  2 hobgoblins (D:1)
  2 frilled lizards (D:1)
  3 kobolds (D:1)
  A rat (D:2)
19 creatures vanquished.
